 Dungeon Crawl Stone Soup version 0.31-a0-40-g1d5085d191 (webtiles) character file.

Game seed: 4833613354136821527

107 lunkers the Magician (level 5, -2/40 HPs)
             Began as a Meteoran Wanderer on May 18, 2023.
             Was a Follower of Okawaru.
             Slain by an orc
             ... wielding a +0 dagger
              (4 damage)
             ... on level 3 of the Dungeon.
             The game lasted 00:03:04 (1308 turns).

lunkers the Magician (Meteoran Wanderer)            Turns: 1308, Time: 00:03:04

Health: -2/40      AC:  3    Str: 11    XL:     5   Next: 33%
Magic:  12/13      EV: 13    Int: 19    God:    Okawaru [*.....]
Gold:   145        SH:  0    Dex: 12    Spells: 13/14 levels left

rFire   . . .        b - +2 dagger (holy)
rCold   . . .        (no shield)
rNeg    . . .        e - +0 leather armour
rPois   .            (no helmet)
rElec   .            (no cloak)
rCorr   .            (no gloves)
SInv    .            (no boots)
Will    .....        (no amulet)
Stlth   +            (no ring)
HPRegen 0.26/turn    (no ring)
MPRegen 0.13/turn

%: no passive effects
@: very slightly contaminated, glowing
A: sense surroundings 1, otherworldly, glowing, explore regen
a: Renounce Religion, Heroism


You were on level 3 of the Dungeon.
You worshipped Okawaru.
Okawaru was aware of your devotion.
You visited 1 branch of the dungeon, and saw 3 of its levels.

You collected 145 gold pieces.

Inventory:

Hand Weapons
 a - a +0 dagger
 b - a +2 dagger of holy wrath (weapon)
Missiles
 l - 2 throwing nets
Armour
 e - a +0 leather armour (worn)
Wands
 j - a wand of acid (6)
Scrolls
 c - a scroll of silence
 h - a scroll of magic mapping {unknown}
 i - a scroll of fear {unknown}
Potions
 d - a potion of heal wounds
 f - a potion of brilliance
 g - a potion of degeneration {unknown}
 k - a potion of curing
 m - a potion of berserk rage {unknown}


   Skills:
 - Level 1.4 Fighting
 + Level 4.3 Short Blades
 - Level 1.2 Armour
 - Level 4.8 Dodging
 - Level 1.0 Stealth
 - Level 5.3 Spellcasting


You had 13 spell levels left.
You knew the following spells:

 Your Spells              Type           Power      Damage    Failure   Level
p - Freeze                Ice            20%        1d4       16%         1

Your spell library contained the following spells:

 Spells                   Type           Power      Damage    Failure   Level
 Lesser Beckoning         Tloc           10%        N/A       24%         2
 Sublimation of Blood     Necr           5%         N/A       24%         2
 Gell's Gravitas          Tloc           5%         N/A       43%         3
 Ozocubu's Armour         Ice            5%         N/A       43%         3
 Teleport Other           Tloc           5%         N/A       43%         3
 Petrify                  Tmut/Erth      5%         N/A       85%         4
 Irradiate                Conj/Tmut      2%         3d12      99%         5
 Ozocubu's Refrigeration  Ice            2%         4d8       100%        7


Dungeon Overview and Level Annotations

Branches:
Dungeon (3/15) Zot: 513

Altars:
Okawaru


Innate Abilities, Weirdness & Mutations

You passively map a small area around you.
You are easily found by Zot.
You glow in the dark.
You regain HP and MP as you explore.


Message History

Casting: Freeze (safe; 16% risk of failure)
Confirm with . or Enter, or press ? or * to list all spells.
Aiming: Freeze (safe; 16% risk of failure)
Press: ? - help, Shift-Dir - straight line, f - orc
Aim: an orc, wielding a +1 hand axe of freezing and wearing a +0 scale mail You miscast Freeze.
You are very lightly contaminated with residual magic.
Nothing appears to happen.
The orc hits you with a +0 club.
* * * LOW HITPOINT WARNING * * *
You hit the orc.
The orc is severely wounded.
The orc hits you with a +0 club.
* * * LOW HITPOINT WARNING * * *
The orc hits you but does no damage.
You hit the orc.
You kill the orc!
Okawaru accepts your kill. The orc barely misses you.
Unknown command.
You completely miss the orc. You closely miss the orc.
The orc closely misses you. The orc hits you but does no damage.
The orc hits you with a +1 hand axe of freezing.
* * * LOW HITPOINT WARNING * * *
The orc freezes you.
* * * LOW HITPOINT WARNING * * *
You hit the orc.
The orc is heavily wounded.
The orc hits you with a +0 hand axe.
* * * LOW HITPOINT WARNING * * *
The orc barely misses you. The orc misses you.
You hit the orc but do no damage.
The orc is heavily wounded.
The orc hits you but does no damage. The orc completely misses you.
The orc hits you with a +1 hand axe of freezing!
* * * LOW HITPOINT WARNING * * *
The orc freezes you.
* * * LOW HITPOINT WARNING * * *
The orc hits you with a +0 dagger.
You die...

*### * , , ,..# *
#.# * ** #.# , .
*####o####### ,
##.##..o.o...... *
#......@........, ,
# #.###.##..###.## *
#.#.#.......# # ,
......#.#...###.# *
#.............#.## *
, #.#...#†#........#
**...............#.#
#....##.#........# ,
.....##.#.....####


You could see 3 orcs.

Vanquished Creatures
  An orc wizard (D:3)
  3 adders (D:2)
  A dart slug (D:2)
  2 worms
  An orc (D:3)
  3 endoplasms
  2 giant cockroaches
  9 hobgoblins
  3 kobolds (D:2)
  2 quokkas
  3 ball pythons
  6 frilled lizards
  5 goblins
  11 rats
52 creatures vanquished.

Notes
Turn   | Place    | Note
-------+----------+-------------------------------------------
     0 | D:1      | lunkers the Meteoran Wanderer began the quest for the Orb.
     0 | D:1      | lunkers set off with the following items: a +0 dagger, 2
                  | throwing nets, a scroll of silence, a potion of heal
                  | wounds, a +0 leather armour; and the following spell
                  | memorised: Freeze; and the following spells available to
                  | memorise: Ozocubu's Armour.
     0 | D:1      | Reached XP level 1. HP: 14/14 MP: 7/7
    30 | D:1      | Reached skill level 1 in Fighting
    43 | D:1      | Found a faded altar of an unknown god.
    63 | D:1      | Reached XP level 2. HP: 21/23 MP: 3/9
    69 | D:1      | Prayed at the altar of an unknown god.
    69 | D:1      | Became a worshipper of Warmaster Okawaru
    69 | D:1      | Reached * piety under Okawaru
   202 | D:1      | Reached skill level 1 in Short Blades
   497 | D:2      | Reached XP level 3. HP: 28/28 MP: 10/10
   721 | D:2      | Reached XP level 4. HP: 24/35 MP: 10/12
  1110 | D:2      | Glimpsed the power of Zot.
  1300 | D:3      | Reached XP level 5. HP: 26/40 MP: 13/13
  1307 | D:3      | HP: 2/40 [orc/+1 hand axe of freezing (4)]
  1308 | D:3      | Slain by an orc

Illustrated notes

Levels and vault maps discovered:
D:1:      dpeg_arrival_shelter, layout_loops_cross, basic_ecumenical_altar,
          nrook_mini_vaults
D:2:      layout_basic
D:3:      layout_loops_ring, tgw_sif, chequers_serial_rivers_room_a

Skill      XL: |  1  2  3  4 |
---------------+-------------+-----
Fighting       | 1 |  1.4
Short Blades   | 1 2 4 |  4.3
Armour         | |  1.2
Dodging        | |  4.8
Stealth        | |  1.0
Spellcasting   | |  5.3

Action                     |  1- 3 |  4- 6 || total
---------------------------+-------+-------++-------
  Melee: Dagger            |   102 |    75 ||   177
         Punch             |     2 |     1 ||     3
   Cast: Freeze            |    19 |    11 ||    30
    Use: Scroll            |       |     5 ||     5
 Armour: Leather armour    |    19 |    15 ||    34
  Dodge: Dodged            |    63 |    36 ||    99

Table legend: (Time is in decaauts)
 A = Elapsed time spent in this place.
 B = Non-inter-level travel time spent in this place.
 C = Inter-level travel time spent in this place.
 D = Time resting spent in this place.
 E = Time spent auto-exploring this place.
 F = Levels seen in this place.
 G = Mean time per level.
                   A        B        C        D        E       F      G
               +--------+--------+--------+--------+--------+-----+--------+
         Total |   1285 |   1267 |     18 |      0 |    889 |   3 |  428.3 |
       Dungeon |   1285 |   1267 |     18 |      0 |    889 |   3 |  428.3 |
               +--------+--------+--------+--------+--------+-----+--------+

Top non-repeatable levels by time:
     D:2: 633 daAuts
     D:1: 484 daAuts
     D:3: 166 daAuts
